 Dungeon Crawl Stone Soup version 0.27-a0-972-gd1521fd518 (webtiles) character file.

Game seed: 2800739103210393115

1072 Glokmah the Sneak (level 8, -1/39 HPs)
             Began as a Spriggan Artificer on Apr 14, 2021.
             Was an Initiate of Dithmenos.
             Slain by a wyvern zombie (15 damage)
             ... on level 6 of the Dungeon.
             The game lasted 00:25:31 (11860 turns).

Glokmah the Sneak (Spriggan Artificer)             Turns: 11860, Time: 00:25:33

Health: -1/39      AC:  3    Str:  8    XL:     8   Next: 7%
Magic:  6/12       EV: 18    Int: 13    God:    Dithmenos [......]
Gold:   262        SH:  0    Dex: 17    Spells: 2/11 levels left

rFire    . . .     SeeInvis +   b - +0 shortbow
rCold    . . .     Faith    .   (shield currently unavailable)
rNeg     . . .     Spirit   .   o - +1 robe
rPois    .         Reflect  .   (helmet restricted)
rElec    .         Harm     .   v - scarf {+Inv}
rCorr    .         Rampage  .   (gloves unavailable)
Will     +....                  (boots unavailable)
Stlth    ++++......             (no amulet)
HPRegen  0.13/turn              j - ring of wizardry
MPRegen  0.13/turn              (no ring)

@: very quick
A: very small, no large weapons, unfitting armour, see invisible, speed 3
a: Renounce Religion, Evoke Invisibility


You were on level 6 of the Dungeon.
You worshipped Dithmenos.
Dithmenos was noncommittal.
You visited 2 branches of the dungeon, and saw 7 of its levels.

You collected 262 gold pieces.

Inventory:

Hand Weapons
 a - a +0 dagger of protection
 b - a +0 shortbow (weapon)
 z - a +2 whip of electrocution
Missiles
 h - 185 stones
 m - 2 boomerangs
 u - 29 poisoned darts
 y - 13 arrows (quivered ammo)
Armour
 o - a +1 robe (worn)
 v - a scarf of invisibility (worn)
Jewellery
 j - a ring of wizardry (left hand)
Wands
 c - a wand of flame (47)
 d - a wand of charming (20)
 r - a wand of iceblast (22)
Scrolls
 g - 4 scrolls of teleportation
 i - a scroll of summoning
 l - a scroll of magic mapping
 n - 3 scrolls of enchant armour
 q - a scroll of amnesia {unknown}
 t - a scroll of enchant weapon {unknown}
 x - a scroll of immolation {unknown}
Potions
 f - a potion of brilliance {unknown}
 k - 4 potions of heal wounds
 p - 2 potions of curing
 s - a potion of lignification
 w - 2 potions of magic
 A - a potion of degeneration
Miscellaneous
 e - a piece from Xom's chessboard (12/15)


   Skills:
 + Level 2.5 Fighting
 * Level 5.0 Short Blades
 - Level 4.0 Dodging
 * Level 7.1 Stealth
 - Level 2.0 Spellcasting
 + Level 2.2 Hexes
 - Level 2.0 Translocations
 - Level 0.6 Poison Magic
 - Level 7.0 Evocations


You had 2 spell levels left.
You knew the following spells:

 Your Spells              Type           Power      Damage    Failure   Level
a - Call Imp              Summ           1%         N/A       16%         2
b - Blink                 Tloc           N/A        N/A       6%          2
c - Slow                  Hex            7%         N/A       6%          2
d - Mephitic Cloud        Conj/Pois/Air  1%         N/A       26%         3

Your spell library contained the following spells:

 Spells                   Type           Power      Damage    Failure   Level
 Magic Dart               Conj           4%         1d3       11%         1
 Call Canine Familiar     Summ           1%         N/A       28%         3
 Conjure Flame            Conj/Fire      1%         6-21      28%         3
 Summon Mana Viper        Hex/Summ       4%         N/A       85%         5
 Bolt of Magma            Conj/Fire/Erth 0%         4d4       93%         5
 Fireball                 Conj/Fire      0%         3d3       93%         5


Dungeon Overview and Level Annotations

Branches:
Dungeon (6/15)             Temple (1/1) D:4

Altars:
Ashenzari
Cheibriados
Dithmenos
Elyvilon
Fedhas
Hepliaklqana
Okawaru
Qazlal
Sif Muna
Trog
Vehumet
Xom
Yredelemnul
Zin
The Shining One


Innate Abilities, Weirdness & Mutations

You are very small and have problems with some larger weapons.
You are too small for most types of armour.
You have supernaturally acute eyesight. (SInv)
You cover ground extremely quickly. (Speed+++)


Message History

Your crimson imp barely misses the wyvern zombie.
The wyvern zombie misses your crimson imp.
Your shadow imp hits the wyvern zombie.
Your crimson imp hits the wyvern zombie.
Your crimson imp blinks!
The wyvern zombie bites your shadow imp!
Your shadow imp dies!
Your crimson imp hits the wyvern zombie but does no damage.
The wyvern zombie completely misses your crimson imp.
Your magical contamination has completely faded away.
The wyvern zombie completely misses your crimson imp.
Your crimson imp barely misses the wyvern zombie.
Fire: 17 arrows
Press: ? - help, Q - select action, (/) - cycle Shift-Dir - straight line, f/p - wyvern zombie
Aim: a wyvern zombie (severely damaged, ally target, 79% to hit)
You shoot an arrow.
The arrow completely misses the wyvern zombie.
The wyvern zombie bites your crimson imp!
Your crimson imp dies!
Fire: 16 arrows
Press: ? - help, Q - select action, (/) - cycle Shift-Dir - straight line, f/p - wyvern zombie
Aim: a wyvern zombie (severely damaged, ally target, 79% to hit)
You shoot an arrow.
The arrow barely misses the wyvern zombie.
Your crimson imp barely misses the wyvern zombie.
The wyvern zombie bites your crimson imp.
Fire: 15 arrows
Press: ? - help, Q - select action, (/) - cycle Shift-Dir - straight line, f/p - wyvern zombie
Aim: a wyvern zombie (severely damaged, ally target, 79% to hit)
You shoot an arrow.
The arrow hits the wyvern zombie but does no damage.
The wyvern zombie is severely damaged.
Your crimson imp closely misses the wyvern zombie.
Fire: 14 arrows
Press: ? - help, Q - select action, (/) - cycle Shift-Dir - straight line, f/p - wyvern zombie
Aim: a wyvern zombie (severely damaged, ally target, 79% to hit)
You shoot an arrow. The arrow hits the wyvern zombie.
The wyvern zombie is almost destroyed.
The wyvern zombie bites you!
You die...

*,** *** ***,** #.#
,,,,,####* ###.##
*,,,,....##########....##
,,****#.................##
,,* ####.......5.....(.##
,,** ##...)...(.......###
...# ##.....Z..........####
...# #....@......(.......##
...# ##....##..............
...## #...####.......####..
#...# ##...###.......# ###
#...# ##.....###......#
#...## ##.......##......# #
.....######..........#.....#
#
...........................#
##
####.......................#
###.


You could see a wyvern zombie (ally target) and a friendly crimson imp
(summoned).

Vanquished Creatures
  A steam dragon (D:6)
  Edmund (D:6)
  2 ogres
  A necrophage (D:5)
  A centaur (D:4)
  2 hounds
  3 orc priests
  2 bullfrog skeletons
  An iguana (D:6)
  Ijyb (D:5)
  A killer bee zombie (D:6)
  A hound zombie (D:5)
  A howler monkey skeleton (D:4)
  7 adders
  A shadow imp (D:6)
  9 orcs
  10 ball pythons
  5 bats
  10 endoplasms
  4 giant cockroaches
  4 goblins
  7 hobgoblins
  5 jackals
  5 quokkas
  5 frilled lizards
  8 kobolds
  5 rats
103 creatures vanquished.

Vanquished Creatures (collateral kills)
  A scorpion (D:5)
  2 jellies
  Jessica (D:3)
  A dart slug (D:3)
  5 orcs (D:5)
  2 hobgoblins (D:3)
  A kobold (D:3)
  A ball python (D:3)
  3 goblins
  A rat (D:3)
18 creatures vanquished.

Vanquished Creatures (others)
  An orc priest (D:4)
  A kobold (D:1)
  3 plants (D:1)
  5 toadstools (D:1)
10 creatures vanquished.

Grand Total: 131 creatures vanquished

Notes
Turn   | Place    | Note
-------+----------+-------------------------------------------
     0 | D:1      | Glokmah the Spriggan Artificer began the quest for the Orb.
     0 | D:1      | Reached XP level 1. HP: 9/9 MP: 2/2
   457 | D:1      | Reached XP level 2. HP: 5/14 MP: 3/3
  1504 | D:1      | Reached skill level 1 in Short Blades
  1644 | D:1      | Reached skill level 1 in Fighting
  2477 | D:1      | Reached XP level 3. HP: 17/18 MP: 4/4
  2838 | D:2      | Found a faded altar of an unknown god.
  3613 | D:2      | Learned a level 2 spell: Call Imp
  3670 | D:2      | Reached XP level 4. HP: 22/22 MP: 5/5
  4133 | D:3      | Noticed Jessica
  4158 | D:3      | Killed Jessica
  4723 | D:3      | Learned a level 2 spell: Blink
  4986 | D:3      | Reached skill level 5 in Evocations
  5333 | D:3      | Reached skill level 1 in Spellcasting
  5653 | D:3      | Reached XP level 5. HP: 18/25 MP: 7/7
  6250 | D:4      | Reached skill level 1 in Translocations
  6447 | D:4      | Found a staircase to the Ecumenical Temple.
  7006 | D:4      | Noticed a centaur
  7013 | D:4      | Killed a centaur
  7014 | D:4      | Reached XP level 6. HP: 30/30 MP: 9/9
  7146 | D:4      | HP: 1/30 [adder (3)]
  7731 | D:5      | Entered Level 5 of the Dungeon
  8247 | D:5      | Reached skill level 5 in Stealth
  8547 | D:5      | Found a glowing golden altar of the Shining One.
  8550 | D:5      | Found a white marble altar of Elyvilon.
  8550 | D:5      | Found a glowing silver altar of Zin.
  8641 | D:5      | Learned a level 2 spell: Slow
  8645 | D:5      | Learned a level 3 spell: Mephitic Cloud
  8854 | D:5      | HP: 1/30 [orc/+0 short sword (4)]
  9150 | D:5      | Reached XP level 7. HP: 35/35 MP: 11/11
  9173 | Temple   | Entered the Ecumenical Temple
  9254 | Temple   | Became a worshipper of Dithmenos the Shadowed
  9321 | D:5      | Noticed Ijyb
  9328 | D:5      | Killed Ijyb
  9424 | D:5      | Reached skill level 1 in Hexes
  9742 | D:5      | Identified Fuxiox's Almanac of the Creative Volcanoes
  9953 | D:5      | Found a shimmering altar of Xom.
  9956 | D:5      | Found a hazy altar of Hepliaklqana.
  9957 | D:5      | Noticed a spectral ugly thing
 11361 | D:6      | Noticed Edmund
 11394 | D:6      | Killed Edmund
 11675 | D:6      | Noticed a steam dragon
 11686 | D:6      | Killed a steam dragon
 11687 | D:6      | Reached skill level 5 in Short Blades
 11687 | D:6      | Reached XP level 8. HP: 39/39 MP: 12/12
 11860 | D:6      | Slain by a wyvern zombie

Illustrated notes

Levels and vault maps discovered:
D:1:      ldierk_walled_garden, layout_rooms, minmay_misc_feat_diagonals,
          hangedman_feature_mirror, chequers_serial_rivers_micro_a,
          hangedman_decor_peaks_small
D:2:      layout_basic, chequers_ecumenical_altar_simple
D:3:      layout_basic, minmay_unequal, uniq_jessica
D:4:      layout_basic, minmay_temple_entry_from_below_b
D:5:      layout_basic, regret_index_temple_of_mockery, good_gods_mini_temple,
          minmay_misc_feat_columns, uniq_ijyb
D:6:      layout_layer_cave, st_stairs_13, uniq_edmund, uniq_blork_the_orc
Temple:   cyrus_temple_forest

Skill      XL: |  1  2  3  4  5  6  7 |
---------------+----------------------+-----
Stealth        | 2 3 4 5 7 |  7.1
Short Blades   | 1 2 3 5 |  5.0
Fighting       | 1 2 |  2.5
Evocations     | 5 6 7 |  7.0
Spellcasting   | 1 2 |  2.0
Translocations | 1 2 |  2.0
Dodging        | 4 |  4.0
Hexes          | 2 |  2.2
Poison Magic   | |  0.6

Action                   |  1- 3 |  4- 6 |  7- 9 || total
-------------------------+-------+-------+-------++-------
Melee: Dagger            |   264 |   307 |   132 ||   703
       Club              |     3 |       |       ||     3
       Whip              |       |       |     3 ||     3
 Fire: Shortbow          |       |    24 |    26 ||    50
Throw: Stone             |     6 |       |       ||     6
       Boomerang         |    24 |    11 |       ||    35
       Dart              |       |    23 |     4 ||    27
 Cast: Call Imp          |       |    15 |    15 ||    30
       Blink             |       |     2 |     1 ||     3
Evoke: Wand              |     4 |     7 |       ||    11
       Piece from Xom's  |       |     7 |     4 ||    11
  Use: Scroll            |     1 |       |    12 ||    13
       Potion            |       |     1 |       ||     1
 Stab: Sleeping          |     7 |    10 |     6 ||    23
       Distracted        |     1 |     2 |       ||     3
       Paralysed         |       |     1 |       ||     1
       Petrified         |       |     2 |       ||     2
       Confused          |       |       |     3 ||     3
Armor: Robe              |    23 |    26 |    17 ||    66
Dodge: Dodged            |   213 |   256 |    75 ||   544

Table legend: (Time is in decaauts)
 A = Elapsed time spent in this place.
 B = Non-inter-level travel time spent in this place.
 C = Inter-level travel time spent in this place.
 D = Time resting spent in this place.
 E = Time spent auto-exploring this place.
 F = Levels seen in this place.
 G = Mean time per level.
                   A        B        C        D        E       F      G
               +--------+--------+--------+--------+--------+-----+--------+
         Total |   9859 |   9558 |    301 |   3926 |   3180 |   7 | 1408.4 |
       Dungeon |   9795 |   9519 |    276 |   3926 |   3144 |   6 | 1632.5 |
        Temple |     64 |     39 |     25 |      0 |     36 |   1 |   64.0 |
               +--------+--------+--------+--------+--------+-----+--------+

Top non-repeatable levels by time:
     D:1: 2969 daAuts
     D:4: 2260 daAuts
     D:5: 1782 daAuts
     D:3: 1477 daAuts
     D:6: 708 daAuts
     D:2: 595 daAuts
  Temple: 64 daAuts
